 Dungeon Sprint DCSS version 0.21.1-1-g345015f (webtiles) character file.

507 Fang the Fighter (level 7, 0/52 HPs)
             Began as a Gargoyle Berserker on June 27, 2018.
             Was a High Priest of Trog.
             Slain by a demonic crawler (5 damage)
             ... in the Dungeon (Sprint VII: "The Pits").
             The game lasted 00:01:57 (1028 turns).

Fang the Fighter (Gargoyle Berserker)               Turns: 1028, Time: 00:01:57

Health: 0/52       AC:  7    Str: 23    XL:     7   Next: 18%
Magic:  7/7        EV: 14    Int:  7    God:    Trog [*****.]
Gold:   0          SH:  0    Dex:  9    Spells: 6/6 levels left

rFire    . . .     SeeInvis .   m - +1 hand axe (freeze)
rCold    . . .     Gourm    .   (no shield)
rNeg     + . .     Faith    .   b - +0 animal skin
rPois    ∞         Spirit   .   (no helmet)
rElec    +         Reflect  .   (no cloak)
rCorr    .         Harm     .   (no gloves)
MR       .....     NoTele   +   (no boots)
Stlth    +.........             (no amulet)
HPRegen  0.17/turn              (no ring)
MPRegen  0.10/turn              (no ring)

@: very slightly contaminated, invisible
A: negative energy resistance 1, electricity resistance, unbreathing,
petrification resistance, rot immunity, AC +4
a: Berserk, Trog's Hand, Brothers in Arms, Burn Spellbooks, Renounce Religion


You were in the Dungeon.
You worshipped Trog.
Trog was extremely pleased with you.
You were not hungry.

You visited 1 branch

Inventory:

Hand Weapons
 j - a +2 hand axe
 m - a +1 hand axe of freezing (weapon)
Missiles
 n - 5 javelins of returning (quivered)
Armour
 b - a +0 animal skin (worn)
Scrolls
 i - a scroll of blinking
 k - 3 scrolls of remove curse
 l - a scroll of summoning
Potions
 a - a potion of invisibility
 d - 6 potions of curing
 e - 6 potions of heal wounds
 f - a potion of haste
 g - 4 potions of magic
 h - 3 potions of berserk rage
Comestibles
 c - 9 rations


   Skills:
 + Level 10.0 Fighting
 + Level 9.0 Axes
 + Level 4.5 Armour
 + Level 5.9 Dodging
 + Level 1.2 Stealth


You had 6 spell levels left.
You didn't know any spells.

Dungeon Overview and Level Annotations

Branches:
Dungeon (1/1)

Altars:
Cheibriados
Dithmenos
Elyvilon
Fedhas
Gozag
Hepliaklqana
Makhleb
Nemelex Xobeh
Okawaru
Qazlal
Ru
Sif Muna
Trog
Vehumet
Wu Jian
Xom
Yredelemnul
Zin
The Shining One
Beogh
Jiyva
Lugonu


Innate Abilities, Weirdness & Mutations

You are resistant to torment.
Your stone body is resilient. (AC +4)
You are immune to poison.
You resist negative energy. (rN+)
You are resistant to electric shocks. (rElec)
You can survive without breathing.
You are immune to petrification.
You are immune to rotting.


Message History

You hit the demonic crawler.
The demonic crawler is lightly wounded.
The demonic crawler closely misses you. The demonic crawler hits you.
* * * LOW HITPOINT WARNING * * *
The demonic crawler hits you but does no damage.
Unknown command.
You hit the demonic crawler.
The demonic crawler is lightly wounded.
You hit the white imp but do no damage. The demonic crawler hits you.
* * * LOW HITPOINT WARNING * * *
The demonic crawler hits you.
* * * LOW HITPOINT WARNING * * *
The demonic crawler closely misses you.
The cyclops throws a large rock.
The large rock hits the demonic crawler!
The white imp barely misses you.
You barely miss the demonic crawler.
The demonic crawler is moderately wounded.
You hit the white imp but do no damage. The demonic crawler closely misses you.
The demonic crawler hits you.
You die...

#)#........##.......#
#'###########.......#
#.......#..##########
#..###..#.# ####
#.......#.#....#
##.###.##(#....#
#.......#.'...C+
#..###.5#C#.s..#
#.....@s(.# ...#
########### ###


You could see a demonic crawler, a cyclops and a white imp.

Vanquished Creatures
  2 floating eyes (D)
  A phantom (D)
  A bullfrog (D)
  A worker ant (D)
  A mummy (D)
  2 adders (D)
  An ufetubus (D)
  An ooze (D)
  A worm (D)
  An orc (D)
  2 bats (D)
  A goblin (D)
  4 jackals (D)
  2 kobolds (D)
  A leopard gecko skeleton (D)
  A rat (D)
23 creatures vanquished.

Vanquished Creatures (collateral kills)
  A black bear (D)
1 creature vanquished.

Grand Total: 24 creatures vanquished

Notes
Turn   | Place    | Note
-------+----------+-------------------------------------------
     0 | D        | Fang the Gargoyle Berserker began the quest for the Orb.
     0 | D        | Reached XP level 1. HP: 14/14 MP: 1/1
    25 | D        | Found a bloodstained altar of Trog.
    25 | D        | Found a deep blue altar of Sif Muna.
    25 | D        | Found a viscous altar of Jiyva.
    25 | D        | Found a hazy altar of Hepliaklqana.
    25 | D        | Found an opulent altar of Gozag.
    26 | D        | Found a glowing golden altar of the Shining One.
    26 | D        | Found a glowing silver altar of Zin.
    26 | D        | Found a basalt altar of Yredelemnul.
    26 | D        | Found a shimmering altar of Xom.
    26 | D        | Found an ornate altar of the Wu Jian Council.
    26 | D        | Found a sacrificial altar of Ru.
    26 | D        | Found a stormy altar of Qazlal.
    26 | D        | Found an iron altar of Okawaru.
    26 | D        | Found a sparkling altar of Nemelex Xobeh.
    26 | D        | Found a burning altar of Makhleb.
    26 | D        | Found a blossoming altar of Fedhas.
    26 | D        | Found a white marble altar of Elyvilon.
    26 | D        | Found a shadowy altar of Dithmenos.
    26 | D        | Found a snail-covered altar of Cheibriados.
    28 | D        | Found a radiant altar of Vehumet.
    28 | D        | Found a corrupted altar of Lugonu.
    28 | D        | Found a roughly hewn altar of Beogh.
    66 | D        | Noticed a worker ant
    70 | D        | Killed a worker ant
    70 | D        | Reached skill level 5 in Fighting
    70 | D        | Reached XP level 2. HP: 7/21 MP: 2/2
    70 | D        | Reached XP level 3. HP: 8/26 MP: 3/3
    72 | D        | Reached ** piety under Trog
   319 | D        | Reached *** piety under Trog
   400 | D        | Noticed a floating eye
   404 | D        | Reached **** piety under Trog
   406 | D        | Killed a floating eye
   406 | D        | Reached skill level 7 in Fighting
   406 | D        | Reached XP level 4. HP: 34/34 MP: 4/4
   406 | D        | Reached XP level 5. HP: 38/38 MP: 5/5
   719 | D        | Reached skill level 8 in Fighting
   736 | D        | Reached ***** piety under Trog
   737 | D        | Noticed a phantom
   752 | D        | Killed a phantom
   752 | D        | Reached skill level 9 in Fighting
   752 | D        | Reached XP level 6. HP: 46/46 MP: 6/6
   754 | D        | Noticed a black bear
   767 | D        | Killed a black bear
   767 | D        | Reached skill level 5 in Dodging
   976 | D        | Noticed a floating eye
   979 | D        | Paralysed by a floating eye for 4 turns
   985 | D        | Killed a floating eye
   985 | D        | Reached skill level 1 in Stealth
   985 | D        | Reached XP level 7. HP: 52/52 MP: 7/7
   988 | D        | Received a gift from Trog
   993 | D        | Received a gift from Trog
   993 | D        | Reached skill level 10 in Fighting
  1015 | D        | Noticed a cyclops
  1015 | D        | Noticed a demonic crawler
  1028 | D        | Slain by a demonic crawler

Skill      XL: |  1  2  3  4  5  6  7 |
---------------+----------------------+-----
Axes           | 4 6 7 8 9 |  9.0
Fighting       | 5 7 9 10 | 10.0
Dodging        | 2 3 4 5 |  5.9
Armour         | 3 4 |  4.5
Stealth        | 1 |  1.2

Action                   |  1- 3 |  4- 6 |  7- 9 || total
-------------------------+-------+-------+-------++-------
Melee: Hand axe          |    19 |    39 |    13 ||    71
Invok: Berserk           |     2 |     2 |       ||     4
       Brothers in Arms  |       |     1 |       ||     1
  Use: Potion            |       |       |     1 ||     1
 Stab: Sleeping          |       |     1 |       ||     1
  Eat: Chunk             |       |     3 |     1 ||     4
Armor: Animal skin       |    12 |    16 |     3 ||    31
Dodge: Dodged            |    23 |    27 |    12 ||    62
